 Dungeon Crawl Stone Soup version 0.28.0-43-g3370ac3207 (webtiles) character file.

Game seed: 10984888347923855466

182 pkoi the Ruffian (level 5, -1/61 HPs)
             Began as a Demigod Gladiator on Mar 29, 2022.
             Slain by an adder zombie (2 damage)
             ... on level 4 of the Dungeon.
             The game lasted 00:06:35 (4939 turns).

pkoi the Ruffian (Demigod Gladiator)                Turns: 4939, Time: 00:06:36

Health: -1/61      AC:  4    Str: 19    XL:     5   Next: 12%
Magic:  7/7        EV:  9    Int: 10    God:
Gold:   84         SH:  0    Dex: 15    Spells: 4/4 levels left

rFire   . . .      SeeInvis .     - Unarmed
rCold   . . .      Faith    .   (no shield)
rNeg    . . .      Spirit   .   a - +0 leather armour
rPois   .          Reflect  .   b - +0 helmet
rElec   .          Harm     .   (no cloak)
rCorr   .          Rampage  .   (no gloves)
Will    .....                   (no boots)
Stlth   ..........              (no amulet)
HPRegen 0.20/turn               (no ring)
MPRegen 0.10/turn               (no ring)

@: berserking, constricted, very quick
A: high MP 1, forlorn, divine attributes
a: no special abilities


You were on level 4 of the Dungeon.
You visited 1 branch of the dungeon, and saw 4 of its levels.

You collected 84 gold pieces.

Inventory:

Hand Weapons
 j - a +0 short sword of flaming
 n - a +2 hand axe of flaming
Missiles
 c - 3 throwing nets
 h - 4 poisoned darts (quivered)
Armour
 a - a +0 leather armour (worn)
 b - a +0 helmet (worn)
 f - the +4 ring mail of Wu Jian's Fury {rElec rPois rF- Regen+}
   (You found it on level 2 of the Dungeon)

   rF:        It makes you vulnerable to fire.
   rElec:     It insulates you from electricity.
   rPois:     It protects you from poison.
   Regen:     It increases your rate of health regeneration.
Wands
 o - a wand of paralysis (5)
Scrolls
 g - 2 scrolls of fog
 p - a scroll of teleportation
Potions
 d - a potion of haste
 i - a potion of resistance {unknown}
 k - 3 potions of curing {unknown}
 l - a potion of flight {unknown}
 m - a potion of invisibility {unknown}
 q - a potion of heal wounds {unknown}


   Skills:
 - Level 1.7 Fighting
 - Level 1.7 Throwing
 - Level 2.6 Dodging
 + Level 5.6 Unarmed Combat


You had 4 spell levels left.
You didn't know any spells.
Your spell library contained the following spells:

 Spells                   Type           Power      Damage    Failure   Level
 Foxfire                  Conj/Fire      0%         2x1d4     41%         1
 Sandblast                Erth           0%         2d4       41%         1
 Passwall                 Tmut/Erth      0%         N/A       56%         2
 Conjure Flame            Conj/Fire      0%         6-21      80%         3
 Ignite Poison            Fire/Tmut/Pois 0%         N/A       80%         3
 Inner Flame              Hex/Fire       0%         N/A       80%         3
 Mephitic Cloud           Conj/Pois/Air  0%         N/A       80%         3
 Stone Arrow              Conj/Erth      0%         3d7       80%         3
 Flame Wave               Conj/Fire      0%         2d4       99%         4
 Freezing Cloud           Conj/Ice/Air   0%         6-21      100%        5


Dungeon Overview and Level Annotations

Branches:
Dungeon (4/15)
 Temple: D:4-7

Shops:
D:2 =(

Annotations:
D:2 Sigmund
D:3 Terence


Innate Abilities, Weirdness & Mutations

You have an increased reservoir of magic. (+10% MP)
You shall have no god before yourself.
Your divine heritage dramatically boosts your attributes as you level up.


Message History

The ball python barely misses you. The ball python constricts you.
The howler monkey skeleton barely misses you.
The adder zombie bites you.
* * * LOW HITPOINT WARNING * * *
Unknown command.
You hit the howler monkey skeleton.
The howler monkey skeleton is severely damaged.
The ball python closely misses you. The ball python constricts you.
* * * LOW HITPOINT WARNING * * *
The adder zombie closely misses you. The howler monkey skeleton hits you.
* * * LOW HITPOINT WARNING * * *
The ogre barely misses you.
The ball python bites you but does no damage.
The ball python constricts you.
A red film seems to cover your vision as you go berserk!
You feel yourself moving faster!
You feel mighty!
The adder zombie bites you but does no damage.
The howler monkey skeleton hits you.
* * * LOW HITPOINT WARNING * * *
The ball python bites you but does no damage.
The ball python constricts you.
You barely miss the ogre.
The ogre hits you with a +0 giant spiked club!
* * * LOW HITPOINT WARNING * * *
The adder zombie bites you but does no damage.
Unknown command.
You punch the ogre!
The ogre is heavily wounded.
The ball python bites you but does no damage.
The ball python constricts you.
The howler monkey skeleton barely misses you.
Unknown command.
You pummel the ogre!!
You kill the ogre!
The ball python bites you.
* * * LOW HITPOINT WARNING * * *
The ball python constricts you.
* * * LOW HITPOINT WARNING * * *
The adder zombie bites you.
You die...

#.. #.. #..
### .
#..##.## ...
#......#
....#......#
...........#
........SZZ#
...8..###@##
..... #Z#
..(. ... ...
..... ..
....... .
:........
.###.###..#
#. #. <.#


You could see an adder zombie, a hound zombie, a ball python and a howler monkey
skeleton.

Vanquished Creatures
  An ogre (D:4)
  Ijyb (D:3)
  A hound skeleton (D:4)
  Robin (D:3)
  A gnoll (D:1)
  4 adders
  3 worms
  A dart slug (D:1)
  5 orcs (D:3)
  9 ball pythons
  4 endoplasms
  3 giant cockroaches
  8 goblins
  10 hobgoblins
  5 kobolds
  4 quokkas
  3 bats
  2 frilled lizards
  6 rats
72 creatures vanquished.

Vanquished Creatures (others)
  A plant (D:3)
1 creature vanquished.

Grand Total: 73 creatures vanquished

Notes
Turn   | Place    | Note
-------+----------+-------------------------------------------
     0 | D:1      | pkoi the Demigod Gladiator began the quest for the Orb.
     0 | D:1      | Reached XP level 1. HP: 17/17 MP: 3/3
   127 | D:1      | Reached skill level 3 in Unarmed Combat
   549 | D:1      | Reached XP level 2. HP: 20/24 MP: 4/4
  1491 | D:2      | Reached XP level 3. HP: 29/29 MP: 5/5
  1511 | D:2      | Noticed Sigmund
  1531 | D:1      | Reached skill level 4 in Unarmed Combat
  1578 | D:2      | Found Ibbie's One-of-a-Kind Rings.
  1584 | D:2      | Identified the +4 ring mail of Wu Jian's Fury {rElec rPois
                  | rF- Regen+}
  1735 | D:2      | Found Qaogasie's Antique Weapon Boutique.
  3106 | D:3      | Noticed Robin
  3128 | D:3      | Reached XP level 4. HP: 25/36 MP: 6/6
  3423 | D:3      | Noticed Terence
  3575 | D:3      | Noticed Ijyb
  3584 | D:3      | Paralysed by Ijyb for 5 turns
  3594 | D:3      | Killed Ijyb
  3595 | D:3      | Reached skill level 5 in Unarmed Combat
  3854 | D:3      | Killed Robin
  4332 | D:3      | Reached XP level 5. HP: 11/41 MP: 7/7
  4926 | D:4      | Noticed an ogre
  4937 | D:4      | HP: 3/61 [ogre/+0 giant spiked club (16)]
  4939 | D:4      | Killed an ogre
  4939 | D:4      | HP: 1/61 [constriction (1)]
  4939 | D:4      | Slain by an adder zombie

Illustrated notes

Levels and vault maps discovered:
D:1:      sevenhm_arrival_forest_fort_large_2, layout_loops_cross,
          basic_ecumenical_altar, dk_noncrumbling_2
D:2:      layout_basic, basic_altar, serial_shops, shop,
          nicolae_shop_unique_rings, uniq_sigmund
D:3:      layout_basic, overflow_temple_1_default,
          mainiacjoe_overflow_small_starburst, mainiacjoe_overflow_24_doors,
          lemuel_round_altar, saegor_snake_ambush, uniq_robin, uniq_ijyb,
          uniq_terence
D:4:      layout_gridville, serial_undead, serial_undead_d, serial_undead_f,
          serial_undead_b, serial_undead_d, serial_undead_a, serial_undead_d,
          uniq_menkaure, uniq_duvessa, uniq_grinder

Skill      XL: |  1  2  3  4 |
---------------+-------------+-----
Unarmed Combat | 3 4 5 |  5.6
Fighting       | |  1.7
Throwing       | |  1.7
Dodging        | |  2.6

Action                   |  1- 3 |  4- 6 || total
-------------------------+-------+-------++-------
Melee: Unarmed           |   151 |   107 ||   258
       Punch             |     5 |     2 ||     7
       Hand axe          |       |     1 ||     1
Throw: Dart              |       |     2 ||     2
  Use: Scroll            |     5 |       ||     5
       Potion            |       |     1 ||     1
Armor: Leather armour    |    46 |    28 ||    74
Dodge: Dodged            |    86 |    81 ||   167
